 Dungeon Crawl Stone Soup version 0.22-a0-596-gfbd32a6 (webtiles) character file.

1556 Amnesiac the Prestidigitator (level 8, 0/37 HPs)
             Began as a Spriggan Artificer on July 5, 2018.
             Was an Initiate of Gozag.
             Slain by an orc warrior
             ... wielding a +0 dire flail
              (6 damage)
             ... on level 6 of the Dungeon.
             The game lasted 00:10:17 (5449 turns).

Amnesiac the Prestidigitator (Spriggan Artificer)   Turns: 5449, Time: 00:10:18

Health: 0/37       AC:  4    Str: 10    XL:     8   Next: 58%
Magic:  19/19      EV: 18    Int: 12    God:    Gozag
Gold:   281        SH:  0    Dex: 17    Spells: 7/7 levels left

rFire    . . .     SeeInvis +   a - +1 rapier (venom)
rCold    + . .     Gourm    .   (shield restricted)
rNeg     . . .     Faith    .   m - +2 robe {rC+}
rPois    .         Spirit   .   (helmet restricted)
rElec    .         Reflect  .   (no cloak)
rCorr    .         Harm     .   (gloves unavailable)
MR       ++...                  (boots unavailable)
Stlth    ++........             (no amulet)
HPRegen  0.12/turn              i - ring of protection from magic
MPRegen  0.16/turn              (no ring)

@: very quick
A: very small, unfitting armour, see invisible, herbivore, speed 3, slow
metabolism 2
a: Potion Petition, Call Merchant, Bribe Branch, Renounce Religion


You were on level 6 of the Dungeon.
You worshipped Gozag.
Gozag was aware of your devotion.
You were not hungry.

You visited 2 branches of the dungeon, and saw 7 of its levels.

You collected 387 gold pieces.
You paid 106 gold pieces to Gozag.

Inventory:

Hand Weapons
 a - a +1 rapier of venom (weapon)
 b - a +0 hunting sling
 k - a +1 falchion of holy wrath
 n - a +0 short sword
Missiles
 e - a throwing net
 l - 93 stones (quivered)
Armour
 m - a +2 robe of cold resistance (worn)
Jewellery
 i - a ring of protection from magic (left hand)
 p - an uncursed ring of protection from fire {unknown}
Wands
 d - a wand of enslavement (28)
Scrolls
 o - a scroll of fog {!r, unknown}
 q - a scroll of blinking {!r, unknown}
Potions
 c - a potion of haste {!q, unknown}
 g - a potion of might {!q, unknown}
 h - 2 potions of resistance {!q, unknown}
 j - a potion of agility {!q, unknown}
Comestibles
 f - 3 rations


   Skills:
 - Level 0.7 Fighting
 - Level 1.1 Short Blades
 - Level 3.0 Dodging
 - Level 1.5 Stealth
 + Level 13.9 Evocations


You had 7 spell levels left.
You didn't know any spells.
Your spell library was empty.

Dungeon Overview and Level Annotations

Branches:
Dungeon (6/15)             Temple (1/1) D:6

Altars:
Ashenzari
Cheibriados
Dithmenos
Elyvilon
Fedhas
Gozag
Hepliaklqana
Kikubaaqudgha
Makhleb
Nemelex Xobeh
Okawaru
Qazlal
Ru
Sif Muna
Trog
Uskayaw
Vehumet
Wu Jian
Xom
Yredelemnul
Zin
The Shining One

Shops:
D:6 (

Annotations:
D:6 1 runed door


Innate Abilities, Weirdness & Mutations

You are very small and have problems with some larger weapons.
You are too small for most types of armour.
You have supernaturally acute eyesight. (SInv)
You are a herbivore.
You cover ground extremely quickly.
You need to consume almost no food.


Message History

There is an open door here.
There is an open door here.
You open the door.
There is an open door here.
q - a scroll labeled ZIPYP KUIDIFOL {!r}
There is an open door here.
The hornet is too close now for your liking.
A hornet is nearby!
There is a stone staircase leading up here.
You catch the helpless hornet completely off-guard!
You hit the hornet.
The hornet is poisoned.
The hornet is lightly wounded.
The hornet closely misses you.
You hit the hornet.
The hornet looks as sick as possible!
The hornet is moderately wounded.
The hornet misses you.
You kill the hornet!
You now have 273 gold pieces (gained 3).
You now have 281 gold pieces (gained 8).
The orc warrior shouts!
The orc warrior is too close now for your liking.
An orc warrior is nearby!
An orc warrior is nearby!
There is an open gate here.
The orc warrior hits you with a dire flail!
You barely miss the orc warrior. The orc warrior misses you.
You hit the orc warrior.
The orc warrior is poisoned.
The orc warrior is lightly wounded.
The orc warrior barely misses you.
You barely miss the orc warrior.
The orc warrior is lightly wounded.
The orc warrior barely misses you.
You closely miss the orc warrior.
The orc warrior is lightly wounded.
The orc warrior hits you with a dire flail!
* * * LOW HITPOINT WARNING * * *
You hit the orc warrior but do no damage.
The orc warrior looks as sick as possible!
The orc warrior is lightly wounded.
The orc warrior misses you.
There is an open gate here.
You hit the orc warrior.
The orc warrior is severely wounded.
The orc warrior hits you with a dire flail!
* * * LOW HITPOINT WARNING * * *
The orc warrior looks more healthy.
The orc warrior jeers loudly.
Evoke which item? (* to show all) (? for menu, Esc to quit)
That's the wrong kind of item! (Use * to select it.) Evoke which item? (* to show all) (? for menu, Esc to quit)
That's the wrong kind of item! (Use * to select it.) Evoke which item? (* to show all) (? for menu, Esc to quit)
Okay, then.
Evoke which item? (* to show all) (? for menu, Esc to quit)
Aiming: Enslavement
Press: ? - help, Shift-Dir - straight line, f - orc warrior
Aim: an orc warrior, wielding a dire flail and wearing a chain mail (almost dead, chance to defeat MR: 78%)
Okay, then.
You hit the orc warrior but do no damage.
The orc warrior is poisoned.
The orc warrior is almost dead.
The orc warrior hits you with a dire flail.
You die...
Your body crumbles into a pile of gold.

....# #....# #....# ....+
#....# #....# ....# #....#
#######...# ....#
#....########≈≈≈≈≈#.### ....#
+....#......#≈♣.♣≈#...# ....#
#....+......#≈._......#
....####....#####'##≈♣.♣≈#..##
###....##'#........#≈≈≈≈≈#.###
..#....#..'....o@..#######...#
..'....#..#..........#.......#
..#.......#..........#.......#
..#....#..#..................#
..#....#..#..........#.......#
###....#..#..........##.##..##
#......#..##+###......#######
#......#.......#......#
#......#.......#......#


You could see an orc warrior.

Vanquished Creatures
  A hornet (D:6)
  Grinder (D:6)
  Sigmund (D:4)
  Duvessa (D:4)
  An orc warrior (D:5)
  2 slaves (D:4)
  A sky beast (D:5)
  Blork the orc (D:4)
  Dowan (D:4)
  3 jellies
  A water moccasin skeleton (D:6)
  A howler monkey (D:6)
  2 crimson imps (D:6)
  3 hounds
  2 iguanas
  3 orc wizards (D:6)
  A hound skeleton (D:6)
  A worker ant zombie (D:6)
  2 adders
  A worm (D:3)
  2 dart slugs
  2 leopard geckos (D:4)
  10 orcs
  A giant cockroach (D:4)
  A goblin (D:2)
  A jackal (D:6)
  A quokka (D:3)
  3 bats
  A frilled lizard (D:4)
  2 rats
54 creatures vanquished.

Notes
Turn   | Place    | Note
-------+----------+-------------------------------------------
     0 | D:1      | Amnesiac the Spriggan Artificer began the quest for the Orb.
     0 | D:1      | Reached XP level 1. HP: 9/9 MP: 4/4
   126 | D:2      | Reached skill level 5 in Evocations
   126 | D:2      | Reached XP level 2. HP: 5/14 MP: 4/6
   837 | D:4      | Noticed a phantom
   851 | D:4      | Noticed a slave
   852 | D:4      | Noticed a slave
   852 | D:4      | Noticed a slave
   853 | D:4      | Noticed a slave
   959 | D:4      | Reached XP level 3. HP: 14/17 MP: 8/8
   986 | D:4      | Noticed Sigmund
   987 | D:4      | Noticed Dowan
   989 | D:4      | Noticed Duvessa
  1011 | D:3      | Reached skill level 6 in Evocations
  1270 | D:4      | Killed Sigmund
  1270 | D:4      | Reached skill level 8 in Evocations
  1270 | D:4      | Reached XP level 4. HP: 21/21 MP: 9/11
  1270 | D:4      | Reached XP level 5. HP: 25/25 MP: 9/12
  1289 | D:4      | Killed Duvessa
  1289 | D:4      | Reached skill level 9 in Evocations
  1289 | D:4      | Reached XP level 6. HP: 29/29 MP: 11/14
  1295 | D:4      | Killed Dowan
  1464 | D:4      | Killed a slave
  1489 | D:4      | Noticed Blork the orc
  1541 | D:4      | Killed Blork the orc
  1541 | D:4      | Reached skill level 10 in Evocations
  1569 | D:4      | Killed a slave
  1893 | D:5      | Entered Level 5 of the Dungeon
  2179 | D:5      | Noticed a sky beast
  2188 | D:5      | Killed a sky beast
  2188 | D:5      | Reached XP level 7. HP: 21/32 MP: 14/16
  2782 | D:6      | Found a staircase to the Ecumenical Temple.
  2812 | Temple   | Entered the Ecumenical Temple
  2864 | Temple   | Became a worshipper of Gozag Ym Sagoz the Greedy
  3177 | D:6      | Reached skill level 11 in Evocations
  3187 | D:6      | Noticed Grinder
  3199 | D:6      | Killed Grinder
  3453 | D:6      | Reached skill level 12 in Evocations
  3682 | D:5      | Reached XP level 8. HP: 25/37 MP: 18/18
  4463 | D:6      | Found an iron altar of Okawaru.
  4605 | D:6      | Found Opeonugu's Antique Weapon Shop.
  4605 | D:6      | Noticed a hornet
  4849 | D:6      | Reached skill level 13 in Evocations
  5138 | D:6      | Found a runed door.
  5377 | D:6      | Killed a hornet
  5449 | D:6      | Slain by an orc warrior

Vault maps used:
D:1:      nzn_arrival_water_spiral, minivault_27, hex_tiny,
          minmay_misc_feat_four_crosses
D:3:      first_ration
D:4:      uniq_blork_the_orc, uniq_pikel, uniq_duvessa, uniq_sigmund
D:6:      kennysheep_little_box, minmay_temple_entry_purple_smoke, serial_shops,
          nicolae_shop_waterfront, kennysheep_windowed_goal,
          uniq_crazy_yiuf_cottage, uniq_grinder
Temple:   minmay_crystal_snake_temple

Skill      XL: |  1  2  3  4  5  6  7  8 |
---------------+-------------------------+-----
Evocations     | 5 8 9 10 12 13 | 13.9
Fighting       | |  0.7
Short Blades   | |  1.1
Dodging        | |  3.0
Stealth        | |  1.5

Action                   |  1- 3 |  4- 6 |  7- 9 || total
-------------------------+-------+-------+-------++-------
Melee: Short sword       |    47 |       |       ||    47
       Rapier            |       |    49 |   125 ||   174
Evoke: Wand              |    15 |    11 |     4 ||    30
  Use: Scroll            |       |     3 |     4 ||     7
 Stab: Sleeping          |     2 |     3 |       ||     5
       Distracted        |       |       |     1 ||     1
  Eat: Ration            |       |       |     3 ||     3
Armor: Robe              |    13 |     2 |    21 ||    36
Dodge: Dodged            |    72 |    35 |   136 ||   243

Table legend:
 A = Spawn XP
 B = Non-spawn XP
 C = Spawn XP percentage of total XP
 D = Spawn monster count
 E = Non-spawn monster count
 F = Spawn count percentage of total count
 G = Total turns spent on level
                    A         B        C        D         E        F      G
               +---------+---------+-------+---------+---------+-------+---------
         Total |       0 |    2223 |   0.0 |       0 |      52 |   0.0 |  5449
               +---------+---------+-------+---------+---------+-------+---------
           D:2 |       0 |      21 |   0.0 |       0 |       5 |   0.0 |   300
           D:3 |       0 |      65 |   0.0 |       0 |       7 |   0.0 |   702
           D:4 |       0 |     629 |   0.0 |       0 |      12 |   0.0 |   989
           D:5 |       0 |     411 |   0.0 |       0 |       9 |   0.0 |  1725
           D:6 |       0 |    1097 |   0.0 |       0 |      19 |   0.0 |  1318
               +---------+---------+-------+---------+---------+-------+---------
